 Dungeon Crawl Stone Soup version 0.30-b1-2-g02819fbbbe (webtiles) character file.

Game seed: 9885855990678390918

296 nightchill the Chopper (level 6, -2/56 HPs)
             Began as a Hill Orc Fighter on Sept 28, 2023.
             Killed from afar by an orc wizard (7 damage)
             ... with a puff of flame
             ... on level 4 of the Dungeon.
             The game lasted 00:03:37 (2462 turns).

nightchill the Chopper (Hill Orc Fighter)           Turns: 2462, Time: 00:03:37

Health: -2/56      AC:  6    Str: 21    XL:     6   Next: 34%
Magic:  6/6        EV:  9    Int:  8    God:
Gold:   218        SH:  0    Dex: 10    Spells: 5/5 levels left

rFire   . . .        a - +0 war axe
rCold   . . .        c - +0 buckler
rNeg    . . .        b - +0 scale mail
rPois   .            (no helmet)
rElec   .            (no cloak)
rCorr   .            (no gloves)
SInv    .            (no boots)
Will    .....        (no amulet) Stlth
                     (no ring)
HPRegen 0.29/turn    (no ring)
MPRegen 0.10/turn

%: no passive effects
@: confused, lethally poisoned (-2 -> -13), attractive, invisible
A: no striking features
a: no special abilities


You were on level 4 of the Dungeon.
You visited 1 branch of the dungeon, and saw 4 of its levels.

You collected 218 gold pieces.

Inventory:

Hand Weapons
 a - a +0 war axe (weapon)
Missiles
 m - 5 datura-tipped darts (quivered)
 w - 2 poisoned darts
Armour
 b - a +0 scale mail (worn)
 c - a +0 buckler (worn)
Magical Staves
 r - a staff of earth
Jewellery
 i - a ring of ice
Scrolls
 e - 2 scrolls of identify {unknown}
 g - 2 scrolls of fog {unknown}
 h - a scroll of amnesia {unknown}
 q - a scroll of summoning {unknown}
 s - a scroll of fear {unknown}
 u - a scroll of enchant weapon {unknown}
Potions
 d - 2 potions of might
 f - a potion of curing {unknown}
 j - 2 potions of attraction
 k - a potion of magic {unknown}
 l - a potion of heal wounds {unknown}
 n - 3 potions of brilliance {unknown}
 o - a potion of mutation {unknown}
 p - a potion of flight {unknown}
 t - a potion of degeneration {unknown}
 v - a potion of invisibility


   Skills:
 + Level 5.5 Fighting
 * Level 7.2 Axes
 - Level 3.2 Armour
 - Level 3.2 Shields


You had 5 spell levels left.
You didn't know any spells.
Your spell library contained the following spells:

 Spells                   Type           Power      Damage    Failure   Level
 Tukima's Dance           Hex            0%         N/A       99%         3
 Volatile Blastmotes      Fire/Tloc      0%         2d10      99%         3
 Fulminant Prism          Conj/Hex       0%         3d5       100%        4
 Iskenderun's Mystic Bla  Conj/Tloc      0%         2d3       100%        4
 Passage of Golubria      Tloc           0%         N/A       100%        4
 Lee's Rapid Deconstruct  Erth           0%         3d4*      100%        5
 Yara's Violent Unravell  Hex/Tmut       0%         3d3       100%        5


Dungeon Overview and Level Annotations

Branches:
Dungeon (4/15)
 Temple: D:4-7

Altars:


Message History

You are poisoned.
The scorpion poisons you!
You closely miss the scorpion.
The scorpion is heavily wounded.
You miss something.
You feel very sick. The scorpion stings you.
* * * LOW HITPOINT WARNING * * *
You are more poisoned.
The scorpion poisons you!
You hear some strange, mumbled words.
You are confused.
You hear some strange, mumbled words.
A puff of flame appears from out of thin air!
The puff of flame hits you.
* * * LOW HITPOINT WARNING * * *
The scorpion barely misses you.
It was a potion of attraction.
You feel attractive to monsters.
* * * LOW HITPOINT WARNING * * *
You feel very sick.
A magic dart appears from out of thin air!
The magic dart hits you.
* * * LOW HITPOINT WARNING * * *
Something hits you but does no damage.
The scorpion stings you but does no damage.
Something is attracted toward you.
It was a potion of invisibility.
You fade into invisibility!
* * * LOW HITPOINT WARNING * * *
You feel very sick. The scorpion barely misses you.
The orc hits you but does no damage.
You hear some strange, mumbled words.
A magic dart appears from out of thin air!
The magic dart hits you.
* * * LOW HITPOINT WARNING * * *
You hear some strange, mumbled words.
A puff of flame appears from out of thin air!
The puff of flame hits you!
You die...

#........ ..........
#....... #.........
#......####.........
#.#....#..........# #
#..#......).......#
#.######......)...†....###
.....#.#........§......#
.....†....?..#..{s....##
........##...###@{...##
.).......#...##..o...#
........../.####..$###
.#...#...<### ##..#
.....#.#### #### ...#####
... ..


You could see a scorpion (unable to see you) and an orc (unable to see you).

Vanquished Creatures
  Sigmund (D:3)
  4 adders
  2 worms
  2 dart slugs
  5 orcs
  14 endoplasms
  6 giant cockroaches
  10 goblins
  3 hobgoblins
  4 jackals (D:3)
  3 kobolds
  3 quokkas
  3 ball pythons
  4 bats
  6 frilled lizards
  13 rats
83 creatures vanquished.

Vanquished Creatures (others)
  A plant (D:2)
1 creature vanquished.

Grand Total: 84 creatures vanquished

Notes
Turn   | Place    | Note
-------+----------+-------------------------------------------
     0 | D:1      | nightchill the Hill Orc Fighter began the quest for the
                  | Orb.
     0 | D:1      | Reached XP level 1. HP: 19/19 MP: 1/1
    84 | D:1      | Reached skill level 3 in Axes
    95 | D:1      | Reached XP level 2. HP: 19/27 MP: 2/2
   238 | D:1      | Reached skill level 4 in Axes
   248 | D:1      | Reached XP level 3. HP: 31/33 MP: 3/3
  1407 | D:2      | Reached XP level 4. HP: 41/41 MP: 4/4
  1409 | D:2      | Reached skill level 5 in Axes
  2072 | D:3      | Reached XP level 5. HP: 43/47 MP: 5/5
  2187 | D:3      | Noticed Sigmund
  2198 | D:3      | Killed Sigmund
  2199 | D:3      | Reached skill level 5 in Fighting
  2199 | D:3      | Reached skill level 7 in Axes
  2199 | D:3      | Reached XP level 6. HP: 52/56 MP: 6/6
  2462 | D:4      | Killed from afar by an orc wizard

Illustrated notes

Levels and vault maps discovered:
D:1:      saegor_arrival_simple_b, layout_basic, minmay_tiny_reverse_x
D:2:      layout_basic, serial_bayou_lagoon_b
D:3:      layout_basic, uniq_sigmund
D:4:      layout_cave_pools, temple_doors_e, minmay_shop_enchanted_jewellery

Skill      XL: |  1  2  3  4  5 |
---------------+----------------+-----
Axes           | 3 4 5 7 |  7.2
Fighting       | 4 5 |  5.5
Armour         | |  3.2
Shields        | |  3.2

Action                     |  1- 3 |  4- 6 || total
---------------------------+-------+-------++-------
  Melee: War axe           |   122 |   101 ||   223
    Use: Potion            |       |     2 ||     2
 Armour: Scale mail        |    46 |    49 ||    95
  Dodge: Dodged            |    51 |    53 ||   104
  Block: Buckler           |    20 |    25 ||    45
